 Dungeon Crawl Stone Soup version 0.30-a0-568-g124715a40b (webtiles) character file.

Game seed: 16013439667129941758

1429 gelatine the Chopper (level 8, 0/61 HPs)
             Began as a Demonspawn Fighter on Dec 28, 2022.
             Killed by nerve-wracking pain
             ... invoked by a shadow imp
              (7 damage)
             ... on level 7 of the Dungeon.
             The game lasted 00:09:21 (4170 turns).

gelatine the Chopper (Demonspawn Fighter)           Turns: 4170, Time: 00:09:22

Health: 0/61       AC: 12    Str: 18    XL:     8   Next: 44%
Magic:  8/8        EV: 22    Int: 10    God:
Gold:   233        SH:  5    Dex: 13    Spells: 7/7 levels left

rFire   . . .      SeeInvis .    a - +0 war axe
rCold   . . .      Faith    .    c - +0 buckler
rNeg    . . .      Spirit   .    A - +0 chain mail
rPois   .          Reflect  .    (no helmet)
rElec   .          Harm     .    C - scarf {repulsion}
rCorr   .          Rampage  .    (no gloves)
Will    .....                    (no boots) Stlth
                                 q - amulet of the acrobat
HPRegen 0.30/turn                (no ring)
MPRegen 0.11/turn                (no ring)

@: acrobatic, repel missiles
A: claws 1, slimy green scales 2, demonic guardian 2, demonic magic 1
a: no special abilities


You were on level 7 of the Dungeon.
You visited 1 branch of the dungeon, and saw 6 of its levels.

You collected 233 gold pieces.

Inventory:

Hand Weapons
 a - a +0 war axe (weapon)
 u - a +0 broad axe
Armour
 b - a +0 scale mail
 c - a +0 buckler (worn)
 l - a +0 cloak
 A - a +0 chain mail (worn)
 C - a scarf of repulsion (worn)
Jewellery
 j - a ring of magical power
 q - an amulet of the acrobat (around neck)
Scrolls
 e - 3 scrolls of teleportation {unknown}
 f - a scroll of immolation {unknown}
 i - 2 scrolls of magic mapping {unknown}
 o - 4 scrolls of identify {unknown}
 p - a scroll of enchant weapon {unknown}
 s - a scroll of acquirement {unknown}
 v - a scroll of poison {unknown}
 w - a scroll of amnesia {unknown}
 x - a scroll of silence {unknown}
 y - a scroll of blinking {unknown}
Potions
 d - a potion of might
 g - 2 potions of lignification {unknown}
 h - a potion of haste {unknown}
 k - a potion of mutation {unknown}
 m - 4 potions of curing {unknown}
 n - a potion of cancellation {unknown}
 r - a potion of heal wounds {unknown}
 t - a potion of invisibility {unknown}
 z - a potion of attraction {unknown}
 B - a potion of degeneration {unknown}


   Skills:
 + Level 4.7 Fighting
 + Level 6.9 Axes
 + Level 5.0 Armour
 + Level 2.4 Dodging
 + Level 1.3 Stealth
 + Level 3.7 Shields


You had 7 spell levels left.
You didn't know any spells.
Your spell library contained the following spells:

 Spells                   Type           Power      Damage    Failure   Level
 Kiss of Death            Conj/Necr      0%         2d5       99%         1
 Summon Small Mammal      Summ           0%         N/A       99%         1
 Call Canine Familiar     Summ           0%         N/A       100%        3
 Confusing Touch          Hex            0%         N/A       100%        3
 Summon Guardian Golem    Hex/Summ       0%         N/A       100%        3
 Dispel Undead            Necr           0%         3d6       100%        4


Dungeon Overview and Level Annotations

Branches:
Dungeon (7/15)
 Temple: D:4-7

Altars:
Ashenzari
Fedhas
Qazlal
Uskayaw
Yredelemnul

Shops:
D:5 :


Innate Abilities, Weirdness & Mutations

You have sharp fingernails.
You are mostly covered in slimy green scales. (AC +3)
A demonic guardian rushes to your aid.
Spells you cast may paralyse adjacent enemies.


Message History

You have reached level 8!
You feel agile.
Sorry, you're not good enough to have a special ability.
Your ice devil barely misses the hellwing.
The hellwing closely misses you. The hellwing completely misses you.
Your ice devil hits the hellwing but does no damage.
You barely miss the hellwing. You block the hellwing's attack.
The hellwing closely misses you.
Your ice devil hits the hellwing but does no damage.
You block the hellwing's attack. x2; Your ice devil hits the hellwing.
Your ice devil freezes the hellwing!
You closely miss the hellwing.
The hellwing is moderately wounded.
The hellwing hits you.
The hellwing hits you but does no damage.
Your ice devil barely misses the hellwing.
You hit the hellwing but do no damage.
The hellwing is moderately wounded.
The hellwing hits you but does no damage. x2
Your ice devil closely misses the hellwing.
You barely miss the hellwing.
The hellwing is moderately wounded.
The hellwing barely misses you. You block the hellwing's attack.
Your ice devil hits the hellwing.
Your ice devil freezes the hellwing!
You hit the hellwing.
The hellwing is severely wounded.
The hellwing hits you!
* * * LOW HITPOINT WARNING * * *
The hellwing hits you.
* * * LOW HITPOINT WARNING * * *
Your ice devil barely misses the hellwing.
You block the hellwing's attack.
The hellwing hits you but does no damage.
Your ice devil hits the hellwing.
Your ice devil freezes the hellwing!!
The hellwing dies!
Your Armour skill increases to level 5!
Your ice devil disappears in a puff of smoke!
The shadow imp gestures at you. Pain shoots through your body!
You die... #+# ... ... #.# #.# #.# . #.#### +# .. #....########+##.# P.P

#@##.............#
....
#.#####...........
....Z #.#
###...........
......##.#
#.............
....Z5.55#
#...........#
....Z5#.##
#...........##
..8.. #.#
#.............
..P. #.#
#............. ...
#.# #...#######...


You could see 2 shadow imps.

Vanquished Creatures
  Sigmund (D:2)
  An ogre (D:5)
  3 phantoms
  A necrophage (D:5)
  A vampire bat (D:4)
  A howler monkey (D:5)
  A hound (D:4)
  Robin (D:2)
  2 gnolls (D:5)
  5 adders
  A shadow imp (D:5)
  A white imp (D:7)
  An ufetubus (D:3)
  An orc (D:4)
  6 endoplasms
  A giant cockroach (D:2)
  11 goblins
  2 hobgoblins
  3 jackals (D:2)
  3 quokkas
  2 ball pythons
  15 bats
  2 frilled lizards
  5 kobolds
  10 rats
81 creatures vanquished.

Vanquished Creatures (collateral kills)
  2 hellwings (D:7)
  A scorpion (D:5)
  A hound (D:5)
  2 orc priests (D:5)
  2 gnolls (D:5)
  2 orcs (D:5)
  A hobgoblin (D:2)
11 creatures vanquished.

Vanquished Creatures (others)
  An orc wizard (D:5)
  2 withered plants (D:7)
3 creatures vanquished.

Grand Total: 95 creatures vanquished

Notes
Turn   | Place    | Note
-------+----------+-------------------------------------------
     0 | D:1      | gelatine the Demonspawn Fighter began the quest for the
                  | Orb.
     0 | D:1      | Reached XP level 1. HP: 18/18 MP: 1/1
   208 | D:1      | Reached skill level 2 in Axes
   256 | D:1      | Gained mutation: A weak demonic guardian rushes to your
                  | aid. [demonic ancestry]
   256 | D:1      | Reached XP level 2. HP: 24/24 MP: 2/2
   915 | D:2      | Noticed Robin
   919 | D:2      | Gained mutation: You are partially covered in slimy green
                  | scales. (AC +2) [demonic ancestry]
   919 | D:2      | Reached XP level 3. HP: 26/29 MP: 3/3
   926 | D:2      | Killed Robin
   960 | D:2      | Noticed Sigmund
   975 | D:2      | Killed Sigmund
   976 | D:2      | Reached skill level 3 in Axes
   976 | D:2      | Gained mutation: You are mostly covered in slimy green
                  | scales. (AC +3) [demonic ancestry]
   976 | D:2      | Reached XP level 4. HP: 15/37 MP: 4/4
   976 | D:2      | Gained mutation: You have sharp fingernails. [demonic
                  | ancestry]
   976 | D:2      | Reached XP level 5. HP: 18/42 MP: 5/5
   983 | D:2      | Reached skill level 1 in Dodging
  2449 | D:4      | Reached skill level 4 in Axes
  2449 | D:4      | Gained mutation: Spells you cast may paralyse adjacent
                  | enemies. [demonic ancestry]
  2449 | D:4      | Reached XP level 6. HP: 42/48 MP: 6/6
  2604 | D:4      | Noticed a fire elemental
  2610 | D:4      | Found a stormy altar of Qazlal.
  2611 | D:4      | Noticed a water elemental
  2611 | D:4      | Noticed an air elemental
  3429 | D:4      | Found a basalt altar of Yredelemnul.
  3433 | D:4      | Found a hide-covered altar of Uskayaw.
  3436 | D:4      | Found a blossoming altar of Fedhas.
  3461 | D:4      | Found a broken altar of Ashenzari.
  3639 | D:5      | Entered Level 5 of the Dungeon
  3691 | D:5      | Reached skill level 5 in Axes
  3691 | D:5      | Gained mutation: A demonic guardian rushes to your aid.
                  | [demonic ancestry]
  3691 | D:5      | Reached XP level 7. HP: 43/54 MP: 7/7
  3853 | D:5      | Reached skill level 6 in Axes
  3975 | D:5      | Found Jaduomep's Tremendous Tomes.
  4048 | D:5      | Reached skill level 1 in Stealth
  4057 | D:5      | You fall into a shaft and drop 2 floors!
  4152 | D:7      | Noticed a hellwing
  4153 | D:7      | Noticed a hellwing
  4159 | D:7      | Killed a hellwing
  4160 | D:7      | Reached XP level 8. HP: 22/61 MP: 8/8
  4166 | D:7      | Killed a hellwing
  4167 | D:7      | Reached skill level 5 in Armour
  4170 | D:7      | Killed from afar by a shadow imp

Illustrated notes

Levels and vault maps discovered:
D:1:      elethiomel_arrival_diamonds, layout_basic
D:2:      layout_loops_ring, uniq_robin, uniq_sigmund
D:3:      layout_basic
D:4:      layout_gridville, nicolae_qazlal_style_of_elements,
          general_overflow_altar, minmay_overflow_temple_star_quad,
          roderic_batcave
D:5:      layout_rooms, trog_ov_bears_minmay, nicolae_shop_i_like_big_books
D:7:      cheibrodos_grave_circle, layout_basic, enter_bailey_4, st_stairs_9

Skill      XL: |  1  2  3  4  5  6  7  8 |
---------------+-------------------------+-----
Axes           | 2 3 4 5 6 |  6.9
Armour         | 3 4 5 |  5.0
Shields        | 3 |  3.7
Dodging        | 1 2 |  2.4
Fighting       | 4 |  4.7
Stealth        | 1 |  1.3

Action                   |  1- 3 |  4- 6 |  7- 9 || total
-------------------------+-------+-------+-------++-------
Melee: War axe           |    89 |   131 |    59 ||   279
 Stab: Distracted        |       |       |     1 ||     1
Armor: Scale mail        |    73 |    86 |    29 ||   188
       Chain mail        |       |       |    16 ||    16
Dodge: Dodged            |    47 |    93 |    28 ||   168
       Repelled          |       |       |     1 ||     1
Block: Buckler           |    28 |    41 |    17 ||    86

Table legend: (Time is in decaauts)
 A = Elapsed time spent in this place.
 B = Non-inter-level travel time spent in this place.
 C = Inter-level travel time spent in this place.
 D = Time resting spent in this place.
 E = Time spent auto-exploring this place.
 F = Levels seen in this place.
 G = Mean time per level.
                   A        B        C        D        E       F      G
               +--------+--------+--------+--------+--------+-----+--------+
         Total |   4265 |   4135 |    130 |      0 |   3294 |   6 |  710.8 |
       Dungeon |   4265 |   4135 |    130 |      0 |   3294 |   6 |  710.8 |
               +--------+--------+--------+--------+--------+-----+--------+

Top non-repeatable levels by time:
     D:4: 1221 daAuts
     D:3: 919 daAuts
     D:2: 798 daAuts
     D:1: 775 daAuts
     D:5: 434 daAuts
     D:7: 115 daAuts
